 Dungeon Crawl Stone Soup version 0.29-a0-106-g0a07039d5a (webtiles) character file.

Game seed: 14513964437521879564

39 being54 the Poker (level 3, 0/35 HPs)
             Began as a Gnoll Cinder Acolyte on Feb 16, 2022.
             Was a High Priest of Ignis.
             Slain by a goblin (2 damage)
             ... on level 3 of the Dungeon.
             The game lasted 00:03:01 (952 turns).

being54 the Poker (Gnoll Cinder Acolyte)             Turns: 952, Time: 00:03:02

Health: 0/35       AC:  5    Str: 15    XL:     3   Next: 45%
Magic:  7/7        EV: 11    Int: 13    God:    Ignis [*****.]
Gold:   51         SH:  0    Dex:  7    Spells: 7/7 levels left

rFire   + . .      SeeInvis .   a - -1 spear (flame)
rCold   + . .      Faith    .   (no shield)
rNeg    . . .      Spirit   .   g - +2 leather armour {rC+}
rPois   .          Reflect  .   (no helmet)
rElec   .          Harm     .   (no cloak)
rCorr   .          Rampage  .   (no gloves)
Will    .....                   (no boots)
Stlth   +.........              (no amulet)
HPRegen 0.11/turn               (no ring)
MPRegen 0.10/turn               (no ring)

@: lethally poisoned (0 -> -4)
A: fangs 1, strong nose, distributed training
a: Renounce Religion, Fiery Armour, Foxfire Swarm, Rising Flame


You were on level 3 of the Dungeon.
You worshipped Ignis.
Ignis was extremely pleased with you.
You visited 1 branch of the dungeon, and saw 3 of its levels.

You collected 51 gold pieces.

Inventory:

Hand Weapons
 a - a -1 spear of flaming (weapon)
Missiles
 h - 56 arrows
Armour
 g - a +2 leather armour of cold resistance (worn)
Jewellery
 k - a ring of poison resistance
Scrolls
 b - a scroll of vulnerability {unknown}
 i - a scroll of teleportation
Potions
 c - a potion of flight {unknown}
 e - a potion of haste
 f - a potion of magic {unknown}
 j - a potion of curing {unknown}


   Skills:
 + Level 6.5 Fighting
 + Level 0.8 Short Blades
 + Level 0.8 Long Blades
 + Level 0.8 Axes
 + Level 0.8 Maces & Flails
 + Level 6.5 Polearms
 + Level 0.8 Staves
 + Level 0.8 Slings
 + Level 0.8 Bows
 + Level 0.8 Crossbows
 + Level 0.8 Throwing
 + Level 0.8 Armour
 + Level 0.8 Dodging
 + Level 0.8 Stealth
 + Level 0.8 Shields
 + Level 0.8 Unarmed Combat
 + Level 2.8 Spellcasting
 + Level 0.5 Conjurations
 + Level 0.5 Hexes
 + Level 0.5 Summonings
 + Level 0.5 Necromancy
 + Level 0.5 Translocations
 + Level 0.5 Transmutations
 + Level 5.4 Fire Magic
 + Level 0.5 Ice Magic
 + Level 0.5 Air Magic
 + Level 0.5 Earth Magic
 + Level 0.5 Poison Magic
 + Level 1.0 Invocations
 + Level 0.8 Evocations


You had 7 spell levels left.
You didn't know any spells.
Your spell library contained the following spells:

 Spells                   Type           Power      Damage    Failure   Level
 Scorch                   Fire           30%        2d6       4%          2


Dungeon Overview and Level Annotations

Branches:
Dungeon (2/15)

Altars:

Shops:
D:1 (*


Innate Abilities, Weirdness & Mutations

You have very sharp teeth.
Your uncanny sense of smell can sniff out nearby items.
Your experience applies equally to all skills.


Message History

The goblin hits you but does no damage.
You closely miss the adder. The bat barely misses you.
The adder barely misses you. The rat barely misses you.
The goblin hits you with a +0 dagger. The goblin hits you with a +0 club.
The adder closely misses you.
You are too injured to fight recklessly!
You are too injured to fight recklessly!
You hit the adder but do no damage. You bite the adder, but do no damage.
The rat bites you but does no damage. The goblin hits you but does no damage.
The goblin hits you with a +0 club. The adder bites you.
You are poisoned.
The adder poisons you!
You barely miss the adder.
You feel sick. The bat hits you but does no damage. The bat misses you.
The adder bites you.
* * * LOW HITPOINT WARNING * * *
You are more poisoned.
The adder poisons you!
The rat twitches its whiskers.
The rat barely misses you. The goblin barely misses you. x2
You hit the adder. You burn the adder.
The adder is heavily wounded.
* * * LOW HITPOINT WARNING * * *
You feel sick. The bat hits you but does no damage.
The adder closely misses you. The rat bites you.
* * * LOW HITPOINT WARNING * * *
You closely miss the adder. Your bite misses the adder.
The adder is heavily wounded.
* * * LOW HITPOINT WARNING * * *
You feel sick. The bat closely misses you. The goblin closely misses you.
The goblin hits you but does no damage. The adder barely misses you.
You hit the adder. You burn the adder.
The adder is severely wounded.
* * * LOW HITPOINT WARNING * * *
You feel sick. The bat hits you.
* * * LOW HITPOINT WARNING * * *
A jackal comes into view.
The rat bites you.
* * * LOW HITPOINT WARNING * * *
The goblin hits you with a +0 dagger.
You die...

.........
###.#......
#..........
#..........
...(......
.........
##>...#...
#bSr......
#†@†#.#...
..h...gg#......
...##..........
. ............
.##.#........
.. #.#........
. #..........
..........


You could see an adder, a jackal (wandering), 2 goblins, a bat and a rat.

Vanquished Creatures
  A worm (D:3)
  A dart slug (D:2)
  A bat (D:1)
  6 endoplasms
  A giant cockroach (D:1)
  2 hobgoblins (D:3)
  4 kobolds (D:1)
  A quokka (D:1)
  4 ball pythons (D:1)
  3 frilled lizards (D:1)
  3 goblins
  5 rats (D:1)
32 creatures vanquished.

Vanquished Creatures (others)
  2 plants (D:3)
2 creatures vanquished.

Grand Total: 34 creatures vanquished

Notes
Turn   | Place    | Note
-------+----------+-------------------------------------------
     0 | D:1      | being54 the Gnoll Cinder Acolyte began the quest for the
                  | Orb.
     0 | D:1      | Reached XP level 1. HP: 23/23 MP: 4/4
    73 | D:1      | Found Xoenn's Assorted Antiques.
    93 | D:1      | Reached XP level 2. HP: 25/29 MP: 5/5
   308 | D:1      | Found a faded altar of an unknown god.
   515 | D:1      | Reached XP level 3. HP: 35/35 MP: 7/7
   673 | D:1      | Found Jauclo's Weapon Shoppe.
   923 | D:2      | You fall into a shaft and drop 1 floor!
   946 | D:3      | Reached skill level 1 in Invocations
   952 | D:3      | Slain by a goblin

Illustrated notes

Levels and vault maps discovered:
D:1:      dpeg_arrival_simpleton_c, layout_loops_cross,
          shapermc_ecumenical_altar_mp_highgroup, serial_shops,
          nicolae_shop_trees, nicolae_square_shop, st_stairs_14
D:2:      layout_loops_ring, basic_altar, minmay_quantized
D:3:      layout_rooms, gammafunk_temple_overflow_wave, serial_forest,
          infiniplex_forest_end_1, infiniplex_forest_lined_4_way,
          infiniplex_forest_straight_3, infiniplex_forest_clump_small,
          infiniplex_forest_lined_3_way, infiniplex_forest_clump_small,
          infiniplex_forest_clump_C, infiniplex_forest_clump_small,
          infiniplex_forest_straight_4

Skill      XL: |  1  2  3 |
---------------+----------+-----
Invocations    | 1 |  1.0
Fighting       | |  6.5
Short Blades   | |  0.8
Long Blades    | |  0.8
Axes           | |  0.8
Maces & Flails | |  0.8
Polearms       | |  6.5
Staves         | |  0.8
Slings         | |  0.8
Bows           | |  0.8
Crossbows      | |  0.8
Throwing       | |  0.8
Armour         | |  0.8
Dodging        | |  0.8
Stealth        | |  0.8
Shields        | |  0.8
Unarmed Combat | |  0.8
Spellcasting   | |  2.8
Conjurations   | |  0.5
Hexes          | |  0.5
Summonings     | |  0.5
Necromancy     | |  0.5
Translocations | |  0.5
Transmutations | |  0.5
Fire Magic     | |  5.4
Ice Magic      | |  0.5
Air Magic      | |  0.5
Earth Magic    | |  0.5
Poison Magic   | |  0.5
Evocations     | |  0.8

Action                   || total
-------------------------++-------
Melee: Spear             ||    97
       Bite              ||     7
  Use: Scroll            ||     5
Armor: Robe              ||     4
       Leather armour    ||    35
Dodge: Dodged            ||    63

Table legend: (Time is in decaauts)
 A = Elapsed time spent in this place.
 B = Non-inter-level travel time spent in this place.
 C = Inter-level travel time spent in this place.
 D = Time resting spent in this place.
 E = Time spent auto-exploring this place.
 F = Levels seen in this place.
 G = Mean time per level.
                   A        B        C        D        E       F      G
               +--------+--------+--------+--------+--------+-----+--------+
         Total |    930 |    896 |     34 |      0 |    719 |   3 |  310.0 |
       Dungeon |    930 |    896 |     34 |      0 |    719 |   3 |  310.0 |
               +--------+--------+--------+--------+--------+-----+--------+

Top non-repeatable levels by time:
     D:1: 796 daAuts
     D:2: 111 daAuts
     D:3: 22 daAuts
